Map: Lockdown LE

Players

ViBE - Winner!

  • Race: Terran Terran
  • League: Master

baRACKobama

  • Race: Terran Terran

VOD

Have the link to the VOD?

Description

Time

  • Played on: Oct. 14, 2026, 6:38 p.m.
  • Length: 12:34
Show
View Real Time Build Order
Export as new Build Order

ViBE Terran - Winner!

Build Orders: 2 Factory, Mech 

Get SALT Encoding   

  12  0:01  SCV  
  13  0:13  SCV  
  14  0:17  Supply Depot  
  14  0:25  SCV  
  15  0:39  SCV  
  15  0:41  Barracks  
  16  0:47  Refinery  
  16  0:51  SCV  
  17  1:03  SCV  
  18  1:15  SCV  
  19  1:28  Orbital Command  
  19  1:29  Marine  
  20  1:39  Command Center  
  20  1:50  Factory  
  20  1:53  SCV  
  21  1:58  Marine  
  22  2:04  Supply Depot  
  22  2:06  SCV  
  23  2:25  Marine, SCV  
  25  2:30  Supply Depot  
  25  2:35  Refinery, Factory Tech Lab  
  25  2:38  SCV  
  25  2:43  Marine  
  27  2:50  SCV  
  27  2:51  Orbital Command  
  28  2:56  Supply Depot  
  28  3:01  Siege Tank  
  28  3:02  SCV  
  32  3:14  SCV  
  32  3:17  Factory  
  32  3:18  SCV  
  34  3:23  Supply Depot  
  34  3:26  SCV  
  35  3:30  SCV  
  36  3:36  Siege Tank  
  36  3:38  SCV  
  40  3:42  SCV  
  40  3:45  Barracks Reactor  
  40  3:48  Supply Depot  
  41  3:51  SCV  
  41  3:54  SCV  
  43  4:03  SCV  
  43  4:06  SCV, Hellion  
  43  4:08  Siege Tank  
  50  4:15  SCV  
  51  4:18  SCV  
  51  4:23  Command Center  
  52  4:27  SCV  
  52  4:28  Armory  
  52  4:30  SCV  
  54  4:39  SCV  
  54  4:40  Supply Depot  
  54  4:41  Siege Tank  
  54  4:42  Hellion x2, SCV  
  63  4:48  Refinery  
  63  4:50  Refinery  
  63  4:51  SCV  
  64  4:54  SCV  
  65  5:00  Supply Depot x2  
  65  5:04  SCV  
  65  5:06  SCV  
  67  5:16  SCV, Thor  
  67  5:18  SCV  
  67  5:21  Hellion x2  
  77  5:26  Engineering Bay  
  77  5:28  SCV  
  80  5:31  SCV  
  81  5:40  SCV  
  81  5:41  Command Center  
  82  5:43  SCV  
  82  5:49  Hellion x2  
  87  5:52  SCV, Orbital Command  
  87  5:55  SCV  
  89  6:01  Thor  
  95  6:04  SCV  
  95  6:05  Terran Vehicle Weapons Level 1  
  95  6:10  Hellion x2  
  100  6:18  Factory  
  100  6:19  Factory  
  100  6:22  SCV x2  
  100  6:23  SCV  
  103  6:30  Supply Depot  
  103  6:31  Supply Depot  
  103  6:32  Supply Depot  
  103  6:34  SCV x2  
  103  6:35  SCV  
  103  6:36  Hellion x2  
  110  6:40  Refinery  
  110  6:44  Refinery  
  110  6:46  SCV x2  
  112  6:47  SCV  
  112  6:53  Missile Turret  
  113  6:54  Missile Turret  
  113  6:58  Missile Turret, SCV  
  113  6:59  SCV x2  
  116  7:07  Missile Turret  
  116  7:10  Command Center  
  116  7:11  SCV x3  
  116  7:14  Factory Tech Lab, Factory Reactor  
  119  7:16  Thor  
  119  7:17  Hellion x2  
  119  7:21  Armory  
  129  7:23  SCV x2  
  129  7:26  Factory  
  129  7:29  SCV  
  132  7:32  Planetary Fortress  
  132  7:35  SCV x2  
  134  7:42  SCV  
  134  7:43  Thor  
  141  7:44  Hellion  
  141  7:45  Hellion, Missile Turret  
  141  7:47  SCV x2  
  147  7:52  Hellion x2  
  151  8:00  Factory  
  151  8:02  SCV x3  
  151  8:05  Refinery  
  154  8:06  Refinery  
  154  8:10  Factory Tech Lab  
  154  8:16  Factory  
  154  8:21  Thor  
  154  8:23  Supply Depot  
  154  8:24  Supply Depot x2  
  154  8:25  Supply Depot  
  154  8:26  Thor  
  166  8:28  Command Center  
  166  8:34  Terran Vehicle And Ship Armor Level 1  
  166  8:35  Terran Vehicle Weapons Level 2  
  166  8:37  Hellion  
  166  8:38  Hellion  
  170  8:45  Thor, Hellion  
  178  9:06  SCV x2  
  178  9:07  Thor  
  178  9:09  Thor, Factory Tech Lab  
  163  9:18  SCV x2, Factory  
  163  9:22  Planetary Fortress  
  141  9:24  Hellion  
  141  9:25  Hellion x3  
  141  9:28  Thor  
  141  9:30  SCV  
  156  9:36  Supply Depot  
  156  9:37  SCV  
  157  9:42  SCV  
  157  9:44  Command Center  
  158  9:50  Thor  
  165  9:52  SCV  
  165  9:55  SCV  
  165  9:56  Orbital Command  
  166  10:00  Missile Turret  
  166  10:02  SCV  
  166  10:05  SCV, Refinery  
  166  10:06  Missile Turret  
  166  10:07  SCV  
  169  10:09  Thor  
  169  10:10  Hellion  
  169  10:11  Hellion x2  
  181  10:22  Thor x2  
  181  10:24  Hellion  
  181  10:25  SCV x4  
  199  10:43  Factory Tech Lab  
  199  10:48  Factory  
  199  10:49  Factory  
  199  10:50  Factory  
  199  10:51  Factory  
  195  11:09  Command Center  
  195  11:12  Thor x2  
  195  11:15  Thor  
  195  11:17  Thor  
  199  11:31  Refinery  
  199  11:33  Refinery  
  199  11:47  Factory Reactor x2  
  199  11:48  Factory Reactor  
  199  11:50  Factory Tech Lab  
  199  12:14  Missile Turret  
  193  12:20  Factory  
  193  12:21  Factory x3  
  193  12:23  Factory  
Show
View Real Time Build Order
Export as new Build Order

baRACKobama Terran 

Build Orders:  

Get SALT Encoding   

  12  0:01  SCV  
  13  0:13  SCV  
  14  0:18  Supply Depot  
  14  0:26  SCV  
  15  0:40  SCV  
  16  0:52  SCV  
  16  0:53  Barracks  
  17  1:04  SCV  
  17  1:05  Refinery  
  18  1:16  SCV  
  19  1:28  SCV  
  20  1:41  Orbital Command  
  20  1:43  Marine  
  21  2:00  Command Center  
  21  2:02  Supply Depot  
  21  2:06  SCV  
  22  2:10  Marine  
  23  2:23  SCV  
  24  2:32  Marine  
  25  2:45  Factory  
  25  2:50  Barracks Tech Lab  
  25  2:55  Refinery  
  25  2:57  SCV  
  26  3:09  SCV  
  27  3:13  Barracks  
  27  3:17  Orbital Command  
  27  3:20  Stimpack  
  27  3:21  SCV  
  27  3:22  Marine  
  29  3:32  Starport  
  29  3:39  Marine  
  30  3:43  SCV  
  30  3:44  SCV  
  32  3:55  SCV  
  33  4:00  Marine  
  33  4:02  Barracks, Factory Tech Lab  
  34  4:03  Barracks Reactor  
  34  4:08  SCV  
  35  4:11  SCV  
  36  4:19  Supply Depot  
  36  4:20  SCV  
  36  4:23  SCV  
  38  4:27  Siege Tank  
  41  4:33  SCV  
  42  4:40  Marine x2  
  42  4:41  Marine  
  45  4:49  SCV  
  45  4:50  SCV  
  45  4:52  Supply Depot  
  47  4:58  Marine  
  48  5:01  Refinery  
  48  5:03  SCV, Medivac  
  48  5:07  Siege Tank  
  54  5:13  Marine x3  
  57  5:15  Supply Depot, SCV  
  57  5:16  Marine  
  57  5:17  SCV  
  60  5:28  SCV  
  61  5:29  SCV  
  61  5:34  Barracks Reactor  
  62  5:36  Starport Reactor  
  62  5:41  Supply Depot  
  62  5:45  Marine x3  
  62  5:48  Siege Tank  
  68  5:57  SCV  
  68  6:03  Marine, Supply Depot  
  70  6:09  SCV  
  70  6:10  SCV  
  70  6:11  Barracks  
  72  6:21  SCV, Refinery  
  72  6:22  SCV  
  74  6:33  SCV  
  74  6:38  Medivac x2  
  79  6:50  Supply Depot, Command Center  
  79  6:52  SCV  
  80  6:54  SCV  
  80  7:00  Barracks  
  81  7:06  SCV  
  82  7:08  Marine  
  82  7:09  Marine x3  
  82  7:11  Marine x2, Siege Tank  
  82  7:13  Medivac  
  93  7:22  Supply Depot  
  93  7:27  Marine  
  94  7:36  Combat Shield  
  94  7:44  Marine x5, Medivac  
  94  7:46  Supply Depot  
  94  7:47  Marine  
  102  7:52  Barracks Reactor  
  102  8:01  Medivac, Siege Tank  
  102  8:02  Marine x2  
  109  8:08  Supply Depot  
  109  8:20  SCV x2  
  109  8:25  Marine x2  
  109  8:26  Marine x2  
  115  8:27  Medivac  
  115  8:32  Supply Depot, SCV  
  115  8:34  Siege Tank  
  121  8:45  Marine x4  
  121  8:46  Marine  
  121  8:47  Marauder  
  128  8:54  Supply Depot  
  128  9:00  SCV  
  127  9:08  Marauder  
  122  9:18  Supply Depot  
  122  9:22  Marine x4  
  122  9:23  Marine  
  102  9:30  Marauder  
  85  9:36  Marine x2  
  85  9:40  Marine  
  85  9:41  Supply Depot  
  86  9:47  Orbital Command  
  86  9:51  SCV x2, Marauder  
  90  10:06  Marine x3  
  90  10:07  Marine  
  93  10:10  Medivac  
  93  10:11  Medivac  
  93  10:12  Marauder  
  100  10:21  Marine  
  101  10:22  Marine  
  101  10:24  Marine  
  101  10:25  Marine x3  
  101  10:27  Siege Tank  
  109  10:33  SCV  
  109  10:34  SCV  
  111  10:40  Marine, Medivac  
  111  10:41  Medivac  
  116  10:46  SCV  
  117  10:57  Marine  
  117  10:58  SCV  
  117  10:59  Marine, Siege Tank  
  117  11:00  Marine x2  
  117  11:01  Marine  
  117  11:02  Marine x3  
  129  11:10  Medivac  
  98  11:20  Marauder  
  98  11:21  Marine  
  98  11:22  Marine x3  
  86  11:29  Medivac  
  86  11:32  Siege Tank  
  91  11:49  Marine x6  
  91  11:50  Marine x2  
  91  11:53  Medivac  
  99  12:06  Marine  
  95  12:09  Marauder  
Tags
 
Composition
Mech
League
Master
Matchup
TvT
Opening
2 Factory
Player
ViBE
Race
Terran
Add a new tag
Caveats
  • Supply blocks, unpowered buildings, or Contaminate may cause inaccurate times.
  • Supply counts are checked every 10 seconds.